 Dungeon Crawl Stone Soup version 0.23-a0-667-gc184e93 (webtiles) character file.

28 Kairos the Skirmisher (level 3, 19/19 HPs)
             Began as a Vine Stalker Fighter on Jan 8, 2019.
             Got out of the dungeon alive.
             The game lasted 00:01:32 (1217 turns).

Kairos the Skirmisher (Vine Stalker Fighter)        Turns: 1217, Time: 00:01:33

Health: 19/19      AC:  6    Str: 18 (19) XL:     3   Next: 14%
Magic:  4/4        EV:  7    Int:  6 (8)  God:
Gold:   108        SH:  9    Dex: 12 (13) Spells: 2/2 levels left

rFire    . . .     SeeInvis .   a - +0 war axe
rCold    . . .     Gourm    .   c - +0 shield
rNeg     . . .     Faith    .   b - +0 scale mail
rPois    .         Spirit   +   (no helmet)
rElec    .         Reflect  .   (no cloak)
rCorr    .         Harm     .   (no gloves)
MR       .....                  (no boots)
Stlth    ..........             (no amulet)
HPRegen  0.06/turn              (no ring)
MPRegen  0.09/turn              (no ring)

@: no status effects
A: fangs 2, magic shield, antimagic bite, no potion heal 3, rot immunity
a: no special abilities


You escaped.
You were hungry.

You visited 1 branch of the dungeon, and saw 2 of its levels.

You collected 108 gold pieces.

Inventory:

Hand Weapons
 a - a +0 war axe (weapon)
Armour
 b - a +0 scale mail (worn)
 c - a +0 shield (worn)
Scrolls
 e - a scroll of remove curse
 g - 2 scrolls of identify
Potions
 d - 2 potions of might
 h - a potion of heal wounds
Comestibles
 f - 6 rations


   Skills:
 + Level 2.9 Fighting
 + Level 2.3 Axes
 + Level 2.7 Armour
 + Level 2.9 Shields


You had 2 spell levels left.
You didn't know any spells.
Your spell library was empty.

Dungeon Overview and Level Annotations

Branches:
Dungeon (2/15)

Altars:


Innate Abilities, Weirdness & Mutations

You have extremely sharp teeth.
When hurt, damage is shared between your health and your magic reserves.
Your bite disrupts and absorbs the magic of your enemies.
Potions cannot restore your health.
You are immune to rotting.


Message History

Done waiting.
You start waiting.
Done waiting.
You start waiting.
You are feeling hungry.
You see here a +0 club.
There is a stone staircase leading up here.
You climb upwards.
There is a stone staircase leading down here.
There is a staircase leading out of the dungeon here.
Are you sure you want to leave the Dungeon?
This will make you lose the game!
Uppercase [Y]es or [N]o only, please.
Are you sure you want to leave the Dungeon?
This will make you lose the game! [Y]es or [N]o only, please.
Are you sure you want to leave the Dungeon?
This will make you lose the game! [Y]es or [N]o only, please.
Are you sure you want to leave the Dungeon?
This will make you lose the game!
Alright, then stay!
Are you sure you want to leave the Dungeon?
This will make you lose the game!
You have escaped!

#..# #######.###### #.##.# # #..#
#.# #.##.# # #..# #.# #.##.###
#####..###### #.# ##......)
............# #.# #......##
#####..####.# #.# ###.###.## .#
############### #.....###
.########.........# #.#.#.#####
................@.#####..........
.#########........'..>#.#.#.#####
.# ##........#####.....# .#
##...#.....# #.#.### .####
##...###....#####.#.#
....###...## ##.####....#.#
.#####...## #.# ######.#######
....#...#######.####.............
###..#..........##.#####.########


There were no monsters in sight!

Vanquished Creatures
  An adder (D:2)
  An ooze (D:1)
  A leopard gecko (D:1)
  A giant cockroach (D:1)
  A goblin (D:1)
  3 hobgoblins
  2 bats
  2 frilled lizards
  2 kobolds (D:1)
  2 rats
16 creatures vanquished.

Notes
Turn   | Place    | Note
-------+----------+-------------------------------------------
     0 | D:1      | Kairos the Vine Stalker Fighter began the quest for the
                  | Orb.
     0 | D:1      | Reached XP level 1. HP: 11/11 MP: 2/2
   167 | D:1      | Reached XP level 2. HP: 14/16 MP: 3/3
   766 | D:2      | Reached XP level 3. HP: 19/19 MP: 4/4
  1217 | D:$      | Got out of the dungeon alive.

Vault maps used:
D:1:      elethiomel_arrival_shortcut
D:2:      kb_forest_paths, chequers_ecumenical_altar_grove, serial_rivers,
          chequers_serial_rivers_small_a, chequers_serial_rivers_micro_b,
          chequers_serial_rivers_marsh, chequers_serial_rivers_micro_b,
          chequers_serial_rivers_room_b, chequers_serial_rivers_room_b

Skill      XL: |  1  2 |
---------------+-------+-----
Axes           | 2 |  2.3
Fighting       | |  2.9
Armour         | |  2.7
Shields        | |  2.9

Action                   || total
-------------------------++-------
Melee: War axe           ||    40
       Bite              ||    13
  Use: Scroll            ||     2
       Potion            ||     3
Armor: Scale mail        ||    20
Dodge: Dodged            ||     7
Block: Shield            ||    22

Table legend:
 A = Non-vault XP
 B = Vault XP
 C = Vault XP percentage of total XP
 D = Non-vault monster count
 E = Vault monster count
 F = Vault count percentage of total count
                 A         B        C        D         E       F
            +---------+---------+-------+---------+---------+-------
      Total |      40 |       1 |   2.4 |      15 |       1 |   6.2
            +---------+---------+-------+---------+---------+-------
        D:1 |      23 |       0 |   0.0 |      11 |       0 |   0.0
        D:2 |      17 |       1 |   5.6 |       4 |       1 |  20.0
            +---------+---------+-------+---------+---------+-------
